 Dungeon Crawl Stone Soup version 0.25-a0-36-g303dd5b1f4 (webtiles) character file.

Game seed: 17064402303182832173, levelgen mode: deterministic

1690273 Flugkiller the Slayer (level 27, 271/271 HPs)
             Began as an Octopode Warper on Oct 19, 2019.
             Was the Champion of Fedhas.
             Escaped with the Orb
             ... and 3 runes on Oct 20, 2019!
             The game lasted 03:37:53 (71967 turns).

Flugkiller the Slayer (Octopode Warper)            Turns: 71967, Time: 03:37:54

Health: 271/271    AC: 41    Str: 23    XL:     27
Magic:  33/40      EV: 39    Int: 34    God:    Fedhas [******]
Gold:   3417       SH: 29    Dex: 27    Spells: 8/52 levels left

rFire    + + +     SeeInvis +   a - +9 demon trident (elec)
rCold    + + +     Gourm    .   g - +5 large shield {rC+ rF+}
rNeg     + + .     Faith    .   P - -2 hat of the Alchemist {rElec rPois rF+ rC+ rN+ MR+ rMut rCorr}
rPois    ∞         Spirit   .   I - amulet of Fexoev {*Drain Fragile rElec MR+++ Regen+}
rElec    +         Reflect  .   o - ring "Rishuros" {rC+ Str+3 Int+5 Dex-3}
rCorr    +         Harm     .   B - ring of see invisible
rMut     +                      Z - +6 ring of dexterity
MR       +++++                  J - +6 ring of protection
Stlth    +++.......             Q - ring of protection from fire
HPRegen  1.95/turn              m - ring of protection from fire
MPRegen  0.27/turn              f - ring of Pedefemn {Ice Str+4 Dex+4 Stlth+}
                                A - +5 ring of protection

@: mighty, brilliant, agile, confusing touch, statue-form, resistant, shrouded,
berserk cooldown, very slightly contaminated, regenerating, hasted and slowed,
invisible, deflect missiles, very slow
A: almost no armour, stealthy swim, amphibious, 8 rings, constrict 8, camouflage
1, fire resistance 1, wild magic 1
0: Orb of Zot
}: 3/15 runes: decaying, serpentine, silver
a: End Transformation, Wall of Briars, Grow Ballistomycete, Overgrow, Grow
Oklob, Renounce Religion


You escaped.
You worshipped Fedhas.
Fedhas was exalted by your worship.
You were not hungry.
You were a stone statue.
You visited 9 branches of the dungeon, and saw 49 of its levels.
You also visited: Bailey and Gauntlet.

You collected 9284 gold pieces.
You spent 5867 gold pieces at shops.

Inventory:

Hand Weapons
 a - a +9 demon trident of electrocution (weapon)
   (You took it off a red devil in a Gauntlet)
 b - the +8 mace "Digigh" {flame, -Tele MR+++ Str-2 SInv}
   (You took it off a deep elf knight on level 3 of the Vaults)

   It has been specially enchanted to burn those struck by it, causing extra
   injury to most foes and up to half again as much damage against particularly
   susceptible opponents.
   It affects your strength (-2).
   It affects your resistance to hostile enchantments.
   It lets you see invisible.
   It prevents most forms of teleportation.
Missiles
 q - 6 throwing nets (quivered)
Armour
 g - a +5 large shield of resistance (worn)
   (You acquired it on level 3 of the Swamp)
 P - the -2 hat of the Alchemist (worn) {rElec rPois rF+ rC+ rN+ MR+ rMut rCorr}
   (You found it on level 3 of the Elven Halls)

   It protects you from fire.
   It protects you from cold.
   It insulates you from electricity.
   It protects you from poison.
   It protects you from negative energy.
   It affects your resistance to hostile enchantments.
   It provides partial protection from all sources of acid and corrosion.
   It protects you from mutation.
Jewellery
 f - the ring of Pedefemn (on tentacle) {Ice Str+4 Dex+4 Stlth+}
   (You found it in a Gauntlet)

   [ring of ice]

   It enhances your ice magic.
   It affects your strength (+4).
   It affects your dexterity (+4).
   It makes you vulnerable to fire.
   It protects you from cold.
   It makes you more stealthy.
 m - a ring of protection from fire (on tentacle)
   (You found it on level 1 of the Dungeon)
 o - the ring "Rishuros" (left tentacle) {rC+ Str+3 Int+5 Dex-3}
   (You found it on level 2 of the Depths)

   [ring of protection from cold]

   It affects your strength (+3).
   It affects your intelligence (+5).
   It affects your dexterity (-3).
   It protects you from cold.
 A - a +5 ring of protection (on tentacle)
   (You took it off a necromancer on level 5 of the Vaults)
 B - a ring of see invisible (right tentacle)
   (You took it off an orc wizard on level 7 of the Dungeon)
 I - the amulet of Fexoev (around mantle) {*Drain Fragile rElec MR+++ Regen+}
   (You took it off a crimson imp on level 8 of the Dungeon)

   [amulet of regeneration]

   It insulates you from electricity.
   It affects your resistance to hostile enchantments.
   It increases your rate of regeneration.
   It causes draining when unequipped.
   It will be destroyed if unequipped.
 J - a +6 ring of protection (on tentacle)
   (You found it on level 2 of the Depths)
 Q - a ring of protection from fire (on tentacle)
   (You found it on level 3 of the Lair of Beasts)
 W - a +3 ring of protection
   (You found it on level 1 of the Realm of Zot)
 Z - a +6 ring of dexterity (on tentacle)
   (You found it on level 3 of the Elven Halls)
Wands
 c - a wand of iceblast (30)
   (You took it off a crimson imp on level 8 of the Dungeon)
 n - a wand of digging (18)
   (You found it in a Gauntlet)
 y - a wand of clouds (11)
   (You found it on level 4 of the Realm of Zot)
 z - a wand of paralysis (39)
   (You found it on level 14 of the Dungeon)
 L - a wand of acid (43)
   (You found it on level 9 of the Dungeon)
 M - a wand of enslavement (29)
   (You found it on level 2 of the Lair of Beasts)
 Y - a wand of disintegration (13)
   (You found it on level 3 of the Elven Halls)
Scrolls
 e - 31 scrolls of teleportation
 h - 3 scrolls of fog
 i - 8 scrolls of blinking
 l - 16 scrolls of immolation
 r - a scroll of summoning
 t - 24 scrolls of remove curse
 w - 4 scrolls of amnesia
 G - a scroll of vulnerability
 K - 5 scrolls of fear
 T - 2 scrolls of holy word
 U - 38 scrolls of identify
 X - 9 scrolls of magic mapping
Potions
 j - 25 potions of curing
 k - 3 potions of mutation
 p - a potion of invisibility
 s - 3 potions of brilliance
 u - 8 potions of resistance
 x - 4 potions of magic
 C - 2 potions of berserk rage
 D - 7 potions of haste
 F - a potion of heal wounds
 O - 2 potions of ambrosia
 S - 3 potions of agility
 V - 12 potions of might
Miscellaneous
 E - a lightning rod (4/4)
   (You found it on level 11 of the Dungeon)
 H - 4 phantom mirrors
 N - a lamp of fire
   (You found it in a Gauntlet)
Comestibles
 d - 53 rations


   Skills:
 + Level 22.7 Fighting
   Level 6.2(10.9) Axes
 - Level 2.0(4.4) Maces & Flails
 - Level 13.5(14.0) Polearms
 - Level 3.5 Throwing
 + Level 21.0 Dodging
 - Level 5.2 Stealth
 + Level 20.0 Shields
 - Level 13.0 Spellcasting
 - Level 8.0 Conjurations
 - Level 5.0 Hexes
 - Level 9.0 Charms
 - Level 11.2 Summonings
 - Level 6.0 Necromancy
 - Level 3.0 Translocations
 - Level 13.0 Transmutations
 - Level 2.0 Ice Magic
 - Level 9.0 Air Magic
 - Level 13.0 Earth Magic
 - Level 9.0 Invocations
 - Level 5.0 Evocations


You had 8 spell levels left.
You knew the following spells:

 Your Spells              Type           Power        Failure   Level  Hunger
a - Confusing Touch       Hex            ######       1%          1    None
b - Shroud of Golubria    Chrm/Tloc      ######       1%          2    None
c - Animate Skeleton      Necr           N/A          1%          1    None
d - Summon Ice Beast      Ice/Summ       ########     1%          4    None
e - Summon Lightning Spi  Summ/Air       #######.     1%          4    None
f - Summon Mana Viper     Hex/Summ       #######.     1%          5    None
g - Statue Form           Tmut/Erth      ########.    1%          6    ###....
h - Borgnjor's Vile Clut  Necr/Erth      #######...   1%          5    None
i - Irradiate             Conj/Tmut      #######...   1%          5    None
j - Regeneration          Chrm/Necr      #######...   1%          3    None
k - Deflect Missiles      Chrm/Air       #######...   2%          6    ###....
r - Blink                 Tloc           N/A          1%          2    None

Your spell library contained the following spells:

 Spells                   Type           Power        Failure   Level  Hunger
 Corona                   Hex            #######      1%          1    None
 Flame Tongue             Conj/Fire      #####        1%          1    None
 Magic Dart               Conj           ####         1%          1    None
 Pain                     Necr           ####         1%          1    None
 Sandblast                Erth           ######       1%          1    None
 Shock                    Conj/Air       ####         1%          1    None
 Summon Butterflies       Summ           ########     1%          1    None
 Summon Small Mammal      Summ           ####         1%          1    None
 Call Imp                 Summ           ########     1%          2    None
 Corpse Rot               Necr           N/A          1%          2    None
 Ensorcelled Hibernation  Hex/Ice        ######       1%          2    None
 Passwall                 Tmut/Erth      ########     1%          2    None
 Poisonous Vapours        Pois/Air       ######       1%          2    None
 Searing Ray              Conj           ######       1%          2    None
 Slow                     Hex            #######.     1%          2    None
 Sublimation of Blood     Necr           #######...   1%          2    None
 Swiftness                Chrm/Air       #######.     1%          2    None
 Throw Flame              Conj/Fire      ######       1%          2    None
 Throw Frost              Conj/Ice       ######       1%          2    None
 Call Canine Familiar     Summ           ########     1%          3    None
 Confuse                  Hex            #######.     1%          3    None
 Conjure Flame            Conj/Fire      ######..     1%          3    None
 Dazzling Spray           Conj/Hex       ######       1%          3    None
 Gell's Gravitas          Tloc           ######....   1%          3    None
 Inner Flame              Hex/Fire       ######..     1%          3    None
 Lesser Beckoning         Tloc           ######....   1%          3    None
 Mephitic Cloud           Conj/Pois/Air  #######.     1%          3    None
 Portal Projectile        Hex/Tloc       ######       1%          3    None
 Recall                   Summ/Tloc      N/A          1%          3    None
 Stone Arrow              Conj/Erth      ######       1%          3    None
 Summon Guardian Golem    Hex/Summ       #######.     1%          3    None
 Teleport Other           Tloc           ######..     1%          3    None
 Tukima's Dance           Hex            #######.     1%          3    None
 Vampiric Draining        Necr           #######...   1%          3    None
 Animate Dead             Necr           N/A          1%          4    None
 Cause Fear               Hex            #######...   1%          4    None
 Force Lance              Conj/Tloc      #######.     1%          4    None
 Fulminant Prism          Conj/Hex       #######...   1%          4    None
 Iskenderun's Mystic Bla  Conj           #######.     1%          4    None
 Leda's Liquefaction      Hex/Erth       #######...   1%          4    None
 Petrify                  Tmut/Erth      ########     1%          4    None
 Sticky Flame             Conj/Fire      ######..     1%          4    None
 Agony                    Necr           #######.     1%          5    None
 Bolt of Draining         Conj/Necr      #######...   1%          5    None
 Bolt of Magma            Conj/Fire/Erth #######...   1%          5    None
 Dispel Undead            Necr           #######.     1%          5    None
 Excruciating Wounds      Chrm/Necr      #######...   1%          5    None
 Iskenderun's Battlesphe  Conj/Chrm      #######.     1%          5    None
 Lee's Rapid Deconstruct  Erth           ########..   1%          5    None
 Silence                  Hex/Air        #######...   1%          5    None
 Summon Forest            Summ/Tloc      #######...   1%          5    None
 Yara's Violent Unravell  Hex/Tmut       #######...   1%          5    None
 Hydra Form               Tmut           ########..   1%          6    ###....
 Iron Shot                Conj/Erth      #######...   1%          6    ###....
 Dragon Form              Tmut           ########..   2%          7    #####..
 Fireball                 Conj/Fire      ######....   3%          5    None
 Venom Bolt               Conj/Pois      ######....   3%          5    None
 Conjure Ball Lightning   Conj/Air       #######...   3%          6    ###....
 Metabolic Englaciation   Hex/Ice        #######...   4%          5    None
 Summon Hydra             Summ           ########..   4%          7    #####..
 Freezing Cloud           Conj/Ice/Air   ########..   6%          6    ###....
 Death Channel            Necr           #######...   7%          6    ###....
 Spellforged Servitor     Conj/Summ      #######...   9%          7    #####..
 Bolt of Cold             Conj/Ice       #######...   11%         6    ###....
 Darkness                 Hex            #######...   11%         6    ###....
 Invisibility             Hex            #######.     11%         6    ###....
 Simulacrum               Ice/Necr       #######...   14%         6    ###....
 Orb of Destruction       Conj           #######...   16%         7    #####..
 Ring of Flames           Chrm/Fire      #######...   45%         7    #####..
 Discord                  Hex            #######...   93%         8    ######.
 Shatter                  Erth           ########..   83%         9    #######
 Tornado                  Air            #######...   99%         9    #######
 Passage of Golubria      Tloc           Unusable     N/A         4    N/A

Dungeon Overview and Level Annotations

Branches:
Dungeon (15/15)            Temple (0/1) D:6            Lair (6/6) D:9
  Swamp (4/4) Lair:3        Snake (4/4) Lair:2        Slime (0/5) Lair:5
    Orc (2/2) D:10            Elf (3/3) Orc:2        Vaults (5/5) D:14
  Crypt (0/3) Vaults:2     Depths (5/5) D:15            Zot (5/5) Depths:5
 Bailey (visited)         Gauntlet (visited)

Altars:
Ashenzari
Cheibriados
Dithmenos
Elyvilon
Fedhas
Gozag
Hepliaklqana
Kikubaaqudgha
Nemelex Xobeh
Okawaru
Qazlal
Trog
Uskayaw
Vehumet
Xom
Yredelemnul
Zin
The Shining One

Shops:
D:12 (   Orc:2 *(:   Elf:1 *   Snake:1 :!%!   Vaults:1 *%!   Vaults:2 *
Vaults:3 (   Zot:3 *   Depths:2 **   Depths:5 ==}

Portals:
Hell: Depths:1 Depths:2 Depths:3 Depths:4 Depths:5
Abyss: Depths:1 Depths:2 Depths:4
Pandemonium: Depths:2 Depths:3 Depths:5
Ziggurat: Depths:3
Trove: D:12 (show slimy rune of Zot)

Annotations:
D:1 exclusion: gnoll
D:4 Duvessa
D:15 1 runed translucent door, Zesiwosm's ghost, journeyman GrEE
Orc:1 3 runed translucent doors, runewalsh's ghost, journeyman OpWz
Zot:2 exclusion: door
Zot:5 2 transporters, tilp's ghost, legendary DsFi


Innate Abilities, Weirdness & Mutations

You cannot wear most types of armour.
You are very stealthy in the water. (Stealth+)
You are amphibious.
You can wear up to eight rings at the same time.
You can use your tentacles to constrict eight enemies at once.
Your skin changes colour to match your surroundings (Stealth+).
((Your rubbery body absorbs attacks. (AC +1, EV +1)))
((You are partially covered in icy blue scales. (AC +2)))
((You are partially covered in molten scales. (AC +2)))
Your flesh is heat resistant. (rF+)
Your spells are a little harder to cast, but a little more powerful.


Message History

(D) Dungeon (T) Temple (L) Lair (S) Swamp (P) Snake Pit (M) Slime Pits (O) Orcish Mines (E) Elven Halls (V) Vaults (C) Crypt (U) Depths (H) Hell (Z) Zot
Where to? (Enter - D:1 @ (x,y), ? - help) Magic restored.
There is a stone staircase leading up here.
You climb upwards.
Level annotation: exclusion: gnoll
There is a stone staircase leading down here.
Your skin is crawling a little less now.
Your skin stops crawling.
There is a staircase leading out of the dungeon here.
Casting: Regeneration (safe; 1% risk of failure)
Confirm with . or Enter, or press ? or * to list all spells.
Your skin crawls.
Unknown command.
You feel agile all of a sudden.
You feel clever all of a sudden.
You feel very mighty all of a sudden.
You feel protected.
You feel yourself speed up.
You fade into invisibility!
You are very lightly contaminated with residual magic.
Okay, then.
Casting: Regeneration (safe; 1% risk of failure)
Confirm with . or Enter, or press ? or * to list all spells.
Space distorts slightly along a thin shroud covering your body.
Casting: Shroud of Golubria (safe; 1% risk of failure)
Confirm with . or Enter, or press ? or * to list all spells.
Your tentacles begin to glow red.
A red film seems to cover your vision as you go berserk!
You feel yourself moving faster!
You feel mighty!
You feel a strong urge to attack something.
You feel your anger nearly subside.
You are no longer berserk.
You are exhausted.
You feel yourself slow down.
Casting: Confusing Touch (safe; 1% risk of failure)
Confirm with . or Enter, or press ? or * to list all spells.
You turn into a living statue of rough stone.
What are your orders? t - Shout!
Orders for allies: a - Attack new target. r - Retreat! s - Stop attacking. g - Guard the area. f - Follow me.
Anything else - Cancel.
You shout for attention!
Enter note: gg You have escaped!

..####.# #...## #.# .......#
#####.#..## #.# ..###..#
#.........# #.# ..# #..#
#####.≈≈≈≈≈≈≈.## #.# #
..###..###...#.≈.....≈..# #.#
#
.....................≈(.####.#
#
#.###.#####.≈≈≈≈≈≈≈..≈.......#
#
#.###.####..≈.....≈..≈.#######
# #...........≈..≈8....≈.# #
#####.###...≈..≈≈≈≈≈≈≈.# #
.....)# ###.≈..........# #
####### #.≈.....≈.#### #
#.≈≈≈≈≈≈≈.########## #
#..................# #
##..###...########.# #
##......## #.# ## #####.##
#.###.


There were no monsters in sight!

Vanquished Creatures
  6 ancient liches (Zot:5)
  An orb of fire (Zot:5)
  Mara (Vaults:4)
  The ghost of Licye the Cloud Mage, a legendary MfTm of Cheibriados (Zot:3)
  Sojobo (Vaults:2)
  7 Killer Klowns (Zot:5)
  Bai Suzhen (Depths:1)
  Boris (twice) (Vaults:4 Vaults:5)
  Frederick (Vaults:2)
  Saint Roka (Depths:4)
  Xtahua (Vaults:4)
  The ghost of ViolentOr the Impregnable, an adept MiFi of Okawaru (Depths:1)
  11 golden dragons
  Jory (Depths:4)
  A bone dragon (Depths:5)
  3 electric golems
  16 tentacled monstrosities
  An Ice Fiend (Depths:1)
  2 deep elf master archers (Elf:3)
  4 deep elf blademasters
  2 titans (Vaults:5)
  2 quicksilver dragons
  24 Orb Guardians
  A lich (Vaults:5)
  12 death cobs
  3 ancient champions
  7 sphinxes
  12 shadow dragons
  Agnes (D:15)
  7 tengu reavers
  Donald (Vaults:3)
  11 storm dragons
  The ghost of Chiseanne the Fighter, an adept DsWz of Gozag (Depths:1)
  13 fire giants
  4 nagarajas (Snake:4)
  4 frost giants
  4 deep elf sorcerers (Elf:3)
  The ghost of duhzwarrior the Bludgeoner, a journeyman NaFi of Zin (Depths:1)
  An iron dragon (Vaults:5)
  7 draconian scorchers
  5 draconian monks
  4 draconian knights
  A balrug (Depths:4)
  4 draconian stormcallers
  15 vault wardens
  2 orc warlords (Depths:3)
  A ghoul (Vaults:4)
  A ghost moth (Zot:2)
  5 deep elf elementalists
  A spriggan defender (Depths:5)
  3 draconian annihilators
  4 draconian shifters
  22 ironheart preservers
  21 very ugly things
  3 war gargoyles (Vaults:5)
  19 stone giants
  A vampire knight (Depths:5)
  An entropy weaver (Vaults:4)
  17 green draconians
  8 deep elf demonologists
  9 red draconians
  10 black draconians
  8 yellow draconians
  8 spark wasps
  12 white draconians
  10 purple draconians
  9 deep elf annihilators
  The ghost of Thargor the Thaumaturge, a journeyman DEFE of Vehumet (Snake:1)
  A minotaur (Gauntlet)
  3 deep elf death magi
  9 ettins
  6 fire dragons
  4 merfolk javelineers
  2 merfolk impalers
  4 deep elf high priests
  Josephine (D:13)
  2 blizzard demons
  18 yaktaur captains
  A hell beast (D:6)
  8 great orbs of eyes
  15 ice dragons
  A rakshasa (Depths:1)
  5 spriggan air magi
  34 vault guards
  14 hydras
  Erica (D:11)
  Fannar (D:12)
  9 anacondas
  6 naga warriors
  An anaconda (shapeshifter) (Vaults:3)
  3 alligators
  39 two-headed ogres
  14 centaur warriors
  28 dancing weapons
  5 death knights
  A merfolk aquamancer (Depths:2)
  2 catoblepae
  6 deep troll earth magi
  14 deep troll shamans
  4 spriggan berserkers
  14 ogre magi
  3 tengu warriors
  A shock serpent (shapeshifter) (Depths:3)
  3 shock serpents
  A vampire mage (Depths:2)
  4 naga sharpshooters
  2 soul eaters (Depths:1)
  25 deep elf knights
  7 shadow wraiths
  2 sun demons (Depths:1)
  2 salamander mystics
  5 hell knights
  A sixfirhy (Depths:5)
  8 skeletal warriors
  2 naga ritualists
  2 iron trolls (Depths:3)
  5 flayed ghosts
  6 glowing orange brains
  An unseen horror (Vaults:1)
  43 deep trolls
  24 deep elf archers
  2 wizards
  A spriggan druid (Swamp:3)
  19 ironbrand convokers
  2 obsidian statues
  74 deep elf magi
  24 orc knights
  4 harpies (Vaults:3)
  3 mana vipers
  5 necromancers
  9 cyclopes
  2 orc sorcerers
  3 wolf spiders (Vaults:1)
  4 stone giant zombies
  A wolf spider zombie (D:15)
  10 phantasmal warriors
  51 ugly things
  A moth of wrath (shapeshifter) (Vaults:4)
  A faun (shapeshifter) (Vaults:5)
  44 slime creatures
  22 moths of wrath
  A fire giant zombie (Vaults:5)
  A centaur zombie (D:15)
  3 manticores
  11 salamanders
  Maurice (Orc:2)
  7 elephants
  A guardian serpent (shapeshifter) (Vaults:2)
  25 black mambas
  6 guardian serpents
  14 naga magi
  14 vault sentinels
  Joseph (D:8)
  A molten gargoyle (Depths:4)
  A smoke demon (Gauntlet)
  4 centaur skeletons
  2 gargoyles
  An orange demon (Depths:1)
  2 ice statues (Depths:1)
  23 spiny frogs
  An elf skeleton (Vaults:5)
  43 yaktaurs
  A rime drake (Lair:5)
  A yaktaur (shapeshifter) (Depths:3)
  A rime drake (shapeshifter) (Vaults:1)
  2 efreet
  3 komodo dragons
  11 freezing wraiths
  5 ice devils
  A human skeleton (Vaults:5)
  11 trolls
  A harpy zombie (D:15)
  3 tengu conjurers
  A meliai (D:8)
  4 hellwings
  4 red devils
  15 hornets
  2 polar bears
  10 blink frogs
  5 tyrant leeches
  A tyrant leech (shapeshifter) (D:15)
  2 wind drakes (shapeshifter)
  A merfolk (D:10)
  A meliai (shapeshifter) (Depths:3)
  2 bog bodies
  A hornet (shapeshifter) (Vaults:3)
  12 dream sheep (Lair:6)
  2 hippogriffs (shapeshifter)
  7 hippogriffs
  A frost giant simulacrum (Vaults:1)
  18 spriggans
  20 water elementals
  8 wyverns
  A spriggan skeleton (D:15)
  A redback (Vaults:4)
  2 shadows (Swamp:3)
  9 wraiths
  A yak (shapeshifter) (Depths:2)
  14 yaks
  Grum (D:11)
  5 fire elementals
  16 vampire mosquitoes
  4 basilisks
  A swamp worm simulacrum (Swamp:4)
  A golden eye (shapeshifter) (D:15)
  2 hungry ghosts
  3 acid dragons
  5 wargs
  A warg (shapeshifter) (Vaults:1)
  A harpy simulacrum (D:14)
  11 swamp worms
  17 insubstantial wisps
  7 porcupines
  A soldier ant (D:12)
  4 hydra simulacra (Swamp:4)
  5 hell hounds
  32 nagas
  7 water moccasins
  A floating eye (Depths:2)
  A floating eye (shapeshifter) (Depths:5)
  44 orc warriors
  7 black bears
  A black bear (shapeshifter) (Depths:1)
  3 sky beasts
  3 swamp drakes
  3 eyes of draining
  6 ice beasts
  3 phantoms
  An eye of draining (shapeshifter) (Depths:4)
  4 necrophages
  33 ogres
  8 boggarts
  17 centaurs
  An ettin simulacrum (Vaults:2)
  20 wolves
  7 crocodiles
  A big kobold (shapeshifter) (Vaults:3)
  7 big kobolds
  16 bullfrogs
  A glowing shapeshifter simulacrum (Vaults:2)
  3 earth elementals
  A deep troll simulacrum (Vaults:2)
  2 scorpions
  A hornet simulacrum (Vaults:1)
  9 killer bees
  16 wights
  3 howler monkeys
  4 electric eels
  2 vampire bats (D:10)
  2 bullfrog zombies (D:11)
  24 crimson imps
  3 quasits
  7 jellies
  14 orc priests
  10 hounds
  3 iron imps (Depths:1)
  4 bullfrog skeletons
  A gnoll shaman (D:4)
  Ijyb (D:4)
  8 iguanas
  Natasha (thrice) (D:4)
  21 orc wizards
  9 worker ants
  A hound zombie (D:5)
  A hound skeleton (D:6)
  A worker ant zombie (D:6)
  Robin (D:4)
  34 gnolls
  12 adders
  4 shadow imps
  5 white imps
  2 oozes
  2 swamp drake simulacra (Swamp:4)
  3 adder skeletons
  2 worms
  2 dart slugs (D:1)
  7 leopard geckos
  105 orcs
  7 ball pythons
  15 bats
  6 giant cockroaches
  21 goblins
  13 hobgoblins
  10 jackals
  A quokka (D:5)
  7 frilled lizards
  26 kobolds
  A quokka skeleton (D:6)
  A quokka zombie (D:5)
  12 rats
  A ballistomycete spore (D:8)
2205 creatures vanquished.

Vanquished Creatures (collateral kills)
  2 orbs of fire (Zot:5)
  Nikola (Swamp:1)
  An electric golem (Zot:5)
  A tentacled monstrosity (Zot:5)
  2 Orb Guardians (Zot:5)
  2 quicksilver dragons
  Gastronok (D:11)
  Frances (Swamp:2)
  2 shadow dragons (Vaults:5)
  A tengu reaver (Vaults:4)
  An azure jelly (Swamp:4)
  4 nagarajas (Snake:4)
  A vault warden (Vaults:1)
  A deep elf elementalist (Elf:3)
  The ghost of Faih the Bludgeoner, a journeyman DsHu of Trog (Lair:4)
  A deep elf demonologist (Elf:3)
  3 deep elf annihilators (Elf:3)
  3 purple draconians
  2 ettins
  3 deep elf death magi (Elf:3)
  A deep elf high priest (Elf:3)
  Erolcha (Orc:2)
  A great orb of eyes (Gauntlet)
  3 vault guards
  11 hydras
  2 centaur warriors
  4 naga warriors
  2 ice dragons
  A hell beast (Gauntlet)
  6 anacondas
  3 two-headed ogres
  7 alligators
  9 naga sharpshooters
  3 dancing weapons
  2 shock serpents
  2 tengu warriors
  A deep troll earth mage (Depths:5)
  3 deep elf knights (Elf:2)
  6 skeletal warriors
  A spriggan druid (Swamp:3)
  A flayed ghost (D:15)
  4 swamp dragons
  2 deep elf archers
  3 naga ritualists
  3 orc knights
  A phantasmal warrior (Vaults:4)
  A harpy (Vaults:2)
  An orb spider (shapeshifter) (Vaults:1)
  2 mana vipers
  7 deep elf magi
  A salamander (Snake:1)
  A manticore (D:14)
  9 ugly things
  A vault sentinel (Vaults:1)
  5 moths of wrath
  3 naga magi
  4 elephants
  8 black mambas
  7 guardian serpents (Snake:4)
  A spiny frog (Swamp:1)
  3 komodo dragons
  3 yaktaurs (Vaults:5)
  2 freezing wraiths (Swamp:4)
  A troll (D:10)
  6 tyrant leeches
  4 hornets
  A polar bear (Lair:6)
  2 blink frogs
  A hippogriff (Lair:6)
  6 slime creatures
  A dream sheep (Lair:6)
  A bog body (Swamp:2)
  8 yaks
  A wyvern (Lair:5)
  3 wraiths (D:13)
  11 spriggans
  A basilisk (D:13)
  A fire elemental (Elf:2)
  A hungry ghost (D:15)
  A swamp worm simulacrum (Swamp:4)
  6 vampire mosquitoes
  2 wargs (Vaults:1)
  3 insubstantial wisps (Swamp:4)
  21 nagas
  5 swamp worms
  11 hydra simulacra (Swamp:4)
  2 porcupines
  A floating eye (Depths:2)
  3 swamp drakes
  11 orc warriors
  3 sky beasts
  3 boggarts
  3 ogres
  8 wolves
  A phantom (D:12)
  5 centaurs
  5 bullfrogs
  4 gnoll sergeants (D:10)
  2 scorpions
  3 killer bees (D:11)
  A wight (D:12)
  A howler monkey (D:13)
  2 crimson imps
  An orc priest (D:13)
  2 iguanas
  A gnoll (D:10)
  3 swamp drake simulacra (Swamp:4)
  17 orcs
  2 jackals (D:10)
  28 ballistomycete spores
386 creatures vanquished.

Vanquished Creatures (others)
  Roxanne (Swamp:2)
  A black draconian (Zot:4)
  An ettin (Depths:4)
  A yaktaur captain (Depths:3)
  2 shambling mangroves
  2 deep elf archers
  A deep troll (Depths:5)
  A spriggan druid (Swamp:4)
  A deep elf mage (Elf:1)
  An oklob plant (Gauntlet)
  A yaktaur (Depths:3)
  A red devil (Depths:5)
  A bog body (Swamp:1)
  A tyrant leech (Swamp:1)
  3 hornets
  A vampire mosquito (Swamp:1)
  3 swamp worms
  A centaur (Depths:1)
  An earth elemental (Elf:1)
  A swamp drake simulacrum (Swamp:4)
  A ballistomycete spore (Gauntlet)
  14 demonic plants (Gauntlet)
  9 fungi
  25 plants
  9 withered plants (D:15)
84 creatures vanquished.

Grand Total: 2675 creatures vanquished

Notes
Turn   | Place    | Note
-------+----------+-------------------------------------------
     0 | D:1      | Flugkiller the Octopode Warper began the quest for the Orb.
     0 | D:1      | Reached XP level 1. HP: 14/14 MP: 3/3
    91 | D:1      | Reached XP level 2. HP: 19/20 MP: 5/5
   118 | D:1      | Learned a level 2 spell: Blink
   121 | D:1      | Learned a level 2 spell: Shroud of Golubria
   734 | D:2      | Reached XP level 3. HP: 25/25 MP: 6/6
   742 | D:2      | Found a blossoming altar of Fedhas.
   802 | D:2      | Became a worshipper of Fedhas Madash
  1003 | D:2      | Found a stormy altar of Qazlal.
  1036 | D:2      | Reached skill level 3 in Fighting
  1174 | D:2      | Found a hazy altar of Hepliaklqana.
  1429 | D:2      | Reached XP level 4. HP: 27/31 MP: 7/7
  2363 | D:3      | Reached * piety under Fedhas
  2546 | D:3      | Reached XP level 5. HP: 30/37 MP: 8/8
  2904 | D:4      | Noticed Ijyb
  2919 | D:4      | Killed Ijyb
  2919 | D:4      | Reached skill level 4 in Fighting
  2992 | D:3      | Reached skill level 1 in Invocations
  3524 | D:4      | Reached ** piety under Fedhas
  3547 | D:4      | Reached XP level 6. HP: 39/43 MP: 9/9
  3632 | D:4      | Noticed Natasha
  3636 | D:4      | Killed Natasha
  3654 | D:4      | Noticed Duvessa
  3711 | D:4      | Noticed Robin
  3734 | D:4      | Killed Robin
  3734 | D:4      | Reached skill level 1 in Stealth
  3843 | D:4      | Noticed Natasha
  3850 | D:4      | Killed Natasha
  3860 | D:4      | HP: 2/43 [gnoll shaman/+0 club (9)]
  4535 | D:4      | Noticed Natasha
  4544 | D:4      | Killed Natasha
  4590 | D:5      | Entered Level 5 of the Dungeon
  4655 | D:5      | Reached skill level 5 in Stealth
  4655 | D:5      | Reached XP level 7. HP: 38/48 MP: 10/10
  4866 | D:5      | Found a snail-covered altar of Cheibriados.
  5834 | D:5      | Reached skill level 5 in Dodging
  6152 | D:5      | Found a bloodstained altar of Trog.
  6312 | D:5      | Reached XP level 8. HP: 54/54 MP: 0/11
  6355 | D:5      | Found a sparkling altar of Nemelex Xobeh.
  6580 | D:6      | Reached skill level 5 in Fighting
  6595 | D:6      | Reached skill level 5 in Polearms
  7078 | D:6      | Reached *** piety under Fedhas
  7439 | D:6      | Reached skill level 6 in Fighting
  7646 | D:6      | Found an iron altar of Okawaru.
  7676 | D:6      | Found a staircase to the Ecumenical Temple.
  7967 | D:6      | Reached XP level 9. HP: 50/61 MP: 12/12
  8416 | D:7      | Found a shimmering altar of Xom.
  8722 | D:7      | Found a basalt altar of Yredelemnul.
  8966 | D:7      | Found a shimmering altar of Xom.
  8968 | D:7      | Found a shimmering altar of Xom.
  8968 | D:7      | Found a shimmering altar of Xom.
  8969 | D:7      | Found a shimmering altar of Xom.
  8969 | D:7      | Found a shimmering altar of Xom.
  8969 | D:7      | Found a shimmering altar of Xom.
  9090 | D:7      | Reached skill level 1 in Shields
  9093 | D:7      | Found a white marble altar of Elyvilon.
  9315 | D:8      | Noticed a troll
  9375 | D:8      | Found a flagged portal.
  9562 | Bailey   | Entered a bailey
  9604 | Bailey   | Reached **** piety under Fedhas
  9993 | Bailey   | Noticed an orc knight
 10039 | Bailey   | Killed an orc knight
 10310 | Bailey   | mut roulette time!
 10310 | Bailey   | Gained mutation: You are partially covered in molten
                  | scales. (AC +2) [potion of mutation]
 10310 | Bailey   | Gained mutation: Your body sometimes deteriorates upon
                  | taking damage. [potion of mutation]
 10310 | Bailey   | Gained mutation: You expend magic power (3 MP) to
                  | strengthen your wands. [potion of mutation]
 10311 | Bailey   | Lost mutation: Your body sometimes deteriorates upon taking
                  | damage. [potion of mutation]
 10311 | Bailey   | Lost mutation: You expend magic power (3 MP) to strengthen
                  | your wands. [potion of mutation]
 10311 | Bailey   | Gained mutation: Your body sometimes deteriorates upon
                  | taking damage. [potion of mutation]
 10311 | Bailey   | Gained mutation: Your magical capacity is low. (-10% MP)
                  | [potion of mutation]
 10311 | Bailey   | Gained mutation: You passively map a small area around you.
                  | [potion of mutation]
 10312 | Bailey   | Lost mutation: Your body sometimes deteriorates upon taking
                  | damage. [potion of mutation]
 10312 | Bailey   | Lost mutation: Your magical capacity is low. (-10% MP)
                  | [potion of mutation]
 10312 | Bailey   | Lost mutation: You passively map a small area around you.
                  | [potion of mutation]
 10312 | Bailey   | Lost mutation: You are partially covered in molten scales.
                  | (AC +2) [potion of mutation]
 10312 | Bailey   | Gained mutation: You are frail. (-10% HP) [potion of
                  | mutation]
 10312 | Bailey   | Gained mutation: Your mind is acute. (Int +2) [potion of
                  | mutation]
 10312 | Bailey   | Gained mutation: You can translocate small distances at
                  | will. [potion of mutation]
 10313 | Bailey   | Lost mutation: You are frail. (-10% HP) [potion of
                  | mutation]
 10313 | Bailey   | Lost mutation: Your mind is acute. (Int +2) [potion of
                  | mutation]
 10313 | Bailey   | Gained mutation: Your magical capacity is low. (-10% MP)
                  | [potion of mutation]
 10313 | Bailey   | Gained mutation: You are partially covered in yellow
                  | scales. (AC +2) [potion of mutation]
 10313 | Bailey   | Gained mutation: You possess an exceptional clarity of
                  | mind. [potion of mutation]
 10644 | D:8      | Reached XP level 10. HP: 54/67 MP: 11/11
 10869 | D:8      | Noticed Joseph
 10895 | D:8      | Found a glowing silver altar of Zin.
 10895 | D:8      | Found a glowing golden altar of the Shining One.
 10924 | D:8      | HP: 2/67 [Joseph/sling bullet (17)]
 11136 | D:8      | Killed Joseph
 11136 | D:8      | Reached skill level 5 in Invocations
 11601 | D:8      | Identified the +1 flail "Uricef" {drain, rElec Dex+6 SInv}
 11601 | D:8      | Noticed a deep elf mage
 11629 | D:8      | Killed a deep elf mage
 11693 | D:8      | Identified the +2 great mace of Death {holy, rF+ rC- MP-9
                  | Int+9}
 11797 | D:8      | Noticed a cyclops
 11824 | D:8      | Killed a cyclops
 11825 | D:8      | HP: 1/68 [something[the player character] (18)]
 12138 | D:8      | Identified the amulet of Fexoev {*Drain Fragile rElec MR+++
                  | Regen+}
 12183 | D:8      | Noticed a five-headed hydra
 12226 | D:8      | Killed a five-headed hydra
 12226 | D:8      | Reached skill level 10 in Polearms
 12226 | D:8      | Reached XP level 11. HP: 46/72 MP: 12/15
 12320 | D:8      | Identified the Collected Works on Captivating Fire
 12348 | D:8      | Learned a level 1 spell: Confusing Touch
 12483 | D:9      | Reached skill level 1 in Hexes
 12513 | D:9      | Found a hide-covered altar of Uskayaw.
 12513 | D:9      | Noticed a +0 dagger
 12514 | D:9      | Noticed a +0 dagger
 12545 | D:9      | Found a staircase to the Lair.
 12845 | D:9      | Found a shattered altar of Ashenzari.
 13006 | D:9      | Reached skill level 1 in Evocations
 13144 | D:9      | Reached ***** piety under Fedhas
 13717 | Lair:1   | Entered Level 1 of the Lair of Beasts
 13800 | Lair:1   | Noticed a five-headed hydra
 13837 | Lair:1   | Noticed a six-headed hydra
 13862 | Lair:1   | Killed a five-headed hydra
 13862 | Lair:1   | Reached skill level 7 in Fighting
 14096 | Lair:1   | Learned a level 1 spell: Animate Skeleton
 14200 | Lair:1   | Killed a six-headed hydra
 14200 | Lair:1   | Reached skill level 1 in Necromancy
 14327 | Lair:1   | Reached skill level 5 in Evocations
 14407 | Lair:1   | Reached XP level 12. HP: 82/82 MP: 16/16
 14525 | Lair:1   | Reached skill level 8 in Fighting
 14628 | Lair:1   | Noticed a four-headed hydra
 14642 | Lair:1   | Killed a four-headed hydra
 15014 | Lair:2   | Found a staircase to the Snake Pit.
 15954 | Lair:3   | Reached skill level 10 in Dodging
 15971 | Lair:3   | Noticed a six-headed hydra
 15992 | Lair:3   | Killed a six-headed hydra
 16176 | Lair:3   | Noticed a seven-headed hydra
 16182 | Lair:3   | Killed a seven-headed hydra
 16194 | Lair:3   | Noticed a five-headed hydra
 16198 | Lair:3   | Killed a five-headed hydra
 16354 | Lair:3   | Found a staircase to the Swamp.
 16464 | Lair:3   | Noticed Sonja
 16465 | Lair:3   | Noticed Sonja
 16465 | Lair:3   | Sonja changed into Sonja the ice beast
 16477 | Lair:3   | Killed Sonja the ice beast
 16692 | Lair:3   | Noticed a seven-headed hydra
 16721 | Lair:3   | Killed a seven-headed hydra
 17088 | Lair:3   | Learned a level 4 spell: Summon Ice Beast
 17128 | Lair:4   | Reached skill level 1 in Summonings
 17257 | Lair:4   | Found a runed translucent gate.
 17257 | Lair:4   | Found a runed translucent gate.
 17531 | Lair:4   | Found a runed translucent gate.
 17532 | Lair:4   | Noticed a 12-headed hydra
 17533 | Lair:4   | Noticed a 13-headed hydra
 17533 | Lair:4   | Noticed Faih's ghost (journeyman DsHu)
 17788 | Lair:4   | Killed a 13-headed hydra
 17788 | Lair:4   | Reached XP level 13. HP: 88/88 MP: 4/17
 17840 | Lair:4   | Got a shimmering broad axe
 17896 | Lair:4   | Killed Faih's ghost
 18107 | Lair:4   | Identified the cursed +1 broad axe "Icsam" {venom, *Slow
                  | rN++ Int+2 SInv} (You found it on level 4 of the Lair of
                  | Beasts)
 18137 | Lair:5   | Found a staircase to the Slime Pits.
 18464 | Lair:5   | Reached skill level 5 in Spellcasting
 18541 | Lair:5   | Found an ancient bone altar of Kikubaaqudgha.
 18561 | Lair:5   | Reached skill level 5 in Summonings
 19292 | Lair:6   | Entered Level 6 of the Lair of Beasts
 20237 | Lair:6   | Reached XP level 14. HP: 94/94 MP: 20/20
 20327 | Lair:6   | Reached skill level 1 in Ice Magic
 20371 | Lair:6   | Reached XP level 15. HP: 67/99 MP: 7/21
 21245 | Lair:6   | Learned a level 5 spell: Summon Mana Viper
 21330 | D:10     | Entered Level 10 of the Dungeon
 21733 | D:10     | Found a staircase to the Orcish Mines.
 21789 | D:10     | Reached skill level 1 in Maces & Flails
 21830 | D:10     | Reached ****** piety under Fedhas
 22241 | D:10     | Reached skill level 1 in Axes
 23177 | D:11     | Noticed Erica
 23218 | D:11     | Killed Erica
 23429 | D:11     | Noticed Grum
 23455 | D:11     | Killed Grum
 23594 | D:11     | Noticed Gastronok
 23610 | D:11     | Killed Gastronok
 23610 | D:11     | Reached skill level 5 in Axes
 24275 | D:12     | Found a gate leading to a gauntlet.
 24434 | D:12     | Found a portal to a secret trove of treasure.
 24516 | Gauntlet | Entered a Gauntlet
 24516 | Gauntlet | Found a transporter.
 24525 | Gauntlet | Found a transporter.
 24540 | Gauntlet | Found a transporter.
 24545 | Gauntlet | Found a transporter.
 24560 | Gauntlet | Found a transporter.
 24579 | Gauntlet | Found a transporter.
 24591 | Gauntlet | Found a transporter.
 24597 | Gauntlet | Found a transporter.
 24599 | Gauntlet | Found a transporter.
 24616 | Gauntlet | Found a transporter.
 24622 | Gauntlet | Found a transporter.
 24641 | Gauntlet | Found a transporter.
 24653 | Gauntlet | Found a transporter.
 24670 | Gauntlet | Found a transporter.
 24687 | Gauntlet | Found a transporter.
 24689 | Gauntlet | Found a transporter.
 24716 | Gauntlet | Found a transporter.
 24716 | Gauntlet | Found a transporter.
 25137 | Gauntlet | Identified a scroll of acquirement
 25377 | Gauntlet | Identified the ring of Pedefemn {Ice Str+4 Dex+4 Stlth+}
                  | (You found it in a Gauntlet)
 26611 | D:12     | Noticed Fannar
 26627 | D:12     | Killed Fannar
 26746 | D:12     | Found Suplomoewn's Weapon Emporium.
 27107 | D:13     | Reached skill level 5 in Hexes
 27258 | D:13     | Noticed Josephine
 27270 | D:13     | Killed Josephine
 28010 | D:14     | Reached skill level 9 in Fighting
 28016 | D:14     | Found a gate to the Vaults.
 28022 | D:14     | Reached skill level 5 in Shields
 28022 | D:14     | Reached XP level 16. HP: 84/108 MP: 22/25
 28700 | D:15     | Entered Level 15 of the Dungeon
 29039 | D:15     | Noticed Agnes
 29051 | D:15     | Killed Agnes
 29166 | D:15     | Found a runed translucent door.
 29204 | D:15     | Noticed Zesiwosm's ghost (journeyman GrEE)
 29459 | D:15     | Reached skill level 10 in Fighting
 29504 | D:15     | Learned a level 4 spell: Summon Lightning Spire
 29557 | D:15     | Found a staircase to the Depths.
 30044 | Orc:1    | Entered Level 1 of the Orcish Mines
 30052 | Orc:1    | You fall into a shaft and drop 1 floor!
 30052 | Orc:2    | Entered Level 2 of the Orcish Mines
 30300 | Orc:1    | Found a runed translucent gate.
 30300 | Orc:1    | Found a runed translucent gate.
 30311 | Orc:1    | Found a runed translucent gate.
 30319 | Orc:1    | Noticed runewalsh's ghost (journeyman OpWz)
 30656 | Orc:2    | Found a staircase to the Elven Halls.
 30810 | Orc:2    | Noticed Erolcha
 30810 | Orc:2    | Noticed Maurice
 31176 | Orc:2    | Killed Maurice
 31597 | Orc:2    | Killed Erolcha
 31916 | Orc:2    | Found Reanoqac's Jewellery Shop.
 31916 | Orc:2    | Found Ketodoun's Weapon Emporium.
 31916 | Orc:2    | Found Toloul's Assorted Antiques.
 31919 | Orc:2    | Found Unaomoick's Book Boutique.
 32038 | Orc:2    | Upgraded the game from 0.25-a0-35-g747a2b3c0c to
                  | 0.25-a0-36-g303dd5b1f4
 32233 | Swamp:1  | Entered Level 1 of the Swamp
 32338 | Swamp:1  | Noticed a thorn hunter
 32878 | Swamp:1  | Noticed Nikola
 32986 | Swamp:1  | Killed Nikola
 33476 | Swamp:2  | Noticed Frances
 33756 | Swamp:2  | Reached XP level 17. HP: 115/117 MP: 27/27
 33770 | Swamp:2  | Identified Roxanne's Incunabulum of the Rocks
 33770 | Swamp:2  | Noticed Roxanne
 33804 | Swamp:2  | Killed Frances
 33970 | Swamp:2  | Killed Roxanne
 34340 | Swamp:2  | Reached skill level 10 in Spellcasting
 35395 | Swamp:3  | Reached skill level 11 in Fighting
 35892 | Swamp:4  | Entered Level 4 of the Swamp
 36176 | Swamp:4  | Learned a level 6 spell: Statue Form
 36387 | Swamp:4  | Reached skill level 1 in Transmutations
 36389 | Swamp:4  | Reached skill level 1 in Earth Magic
 37153 | Swamp:4  | Got a decaying rune of Zot
 37335 | Snake:1  | Entered Level 1 of the Snake Pit
 37427 | Snake:1  | Found Wapnigos's Distillery.
 37433 | Snake:1  | Found Soim's Food Shop.
 37433 | Snake:1  | Found Niahael's Distillery.
 37433 | Snake:1  | Found a runed translucent door.
 37442 | Snake:1  | Found Enkefeigg's Book Boutique.
 38045 | Snake:1  | Noticed Thargor's ghost (journeyman DEFE)
 38061 | Snake:1  | Killed Thargor's ghost
 38690 | Snake:2  | Reached skill level 5 in Transmutations
 38690 | Snake:2  | Reached skill level 5 in Earth Magic
 39355 | Snake:3  | Reached XP level 18. HP: 96/124 MP: 29/29
 40058 | Snake:4  | Entered Level 4 of the Snake Pit
 42406 | Snake:4  | Got a serpentine rune of Zot
 42737 | Elf:1    | Entered Level 1 of the Elven Halls
 43287 | Elf:1    | Found Umepemey's Assorted Antiques.
 43311 | Elf:1    | Got a translucent rapier
 43312 | Elf:1    | Identified the +7 rapier of the Wary Beds {pierce, *Noise
                  | +Rage rElec Int+4} (You found it on level 1 of the Elven
                  | Halls)
 43320 | Elf:1    | Bought a flickering platinum ring for 170 gold pieces
 43320 | Elf:1    | Identified the ring "Baufah" {Ice rElec rPois Dex+5} (You
                  | bought it in a shop on level 1 of the Elven Halls)
 43482 | Elf:1    | Reached skill level 10 in Transmutations
 43503 | Elf:1    | Reached skill level 10 in Earth Magic
 43684 | Elf:1    | Identified the Collected Works on Battle Magic
 43774 | Elf:1    | Reached XP level 19. HP: 124/129 MP: 24/30
 44554 | Elf:2    | Found a runed translucent gate.
 44554 | Elf:2    | Found a runed translucent gate.
 44555 | Elf:2    | Found a runed translucent gate.
 44668 | Elf:2    | Reached skill level 10 in Shields
 44788 | Elf:2    | Found a radiant altar of Vehumet.
 44980 | Elf:2    | Reached skill level 12 in Fighting
 45381 | Elf:3    | Entered Level 3 of the Elven Halls
 46020 | Elf:3    | Found an ancient bone altar of Kikubaaqudgha.
 46678 | Elf:3    | Reached skill level 13 in Fighting
 46681 | Elf:3    | Reached XP level 20. HP: 140/140 MP: 22/31
 46959 | Elf:3    | Identified the amulet "Diasiups" {+Rage Str+2}
 47413 | Elf:3    | Identified the +8 broad axe of the Radish {chop, Int+3
                  | Stlth+}
 47413 | Elf:3    | Identified the ring "Noaceru" {Fire rN+ Str+4}
 47489 | Elf:3    | Identified the +4 mace "Guh Dara" {drain, +Rage MR+}
 47489 | Elf:3    | Identified the cursed ring "Jasamme" {*Slow rF+++ rN+ Int-3
                  | Slay-5}
 47624 | Elf:3    | Found the -2 hat of the Alchemist {rElec rPois rF+ rC+ rN+
                  | MR+ rMut rCorr}
 47697 | Elf:3    | Identified the cursed +0 quick blade of Inconvenience
                  | {vamp, Str+4} (You found it on level 3 of the Elven Halls)
 48105 | Vaults:1 | Entered Level 1 of the Vaults
 48484 | Elf:1    | Bought a scroll of enchant weapon for 255 gold pieces
 48957 | Vaults:1 | Found Bog Dum's Food Boutique.
 49893 | Vaults:1 | Reached XP level 21. HP: 147/147 MP: 27/32
 50059 | Vaults:1 | Found Afolegae's Distillery.
 50066 | Vaults:1 | Bought a potion of heal wounds for 90 gold pieces
 50066 | Vaults:1 | Bought a potion of heal wounds for 90 gold pieces
 50142 | Vaults:1 | Found the +0 sword of Power
 50202 | Vaults:1 | Found Banor's General Store.
 50210 | Vaults:1 | Bought a scroll of enchant weapon for 105 gold pieces
 50486 | Vaults:1 | You fall into a shaft and drop 1 floor!
 50517 | Vaults:2 | Reached skill level 14 in Fighting
 51572 | Vaults:2 | Reached skill level 15 in Shields
 51739 | Vaults:2 | Found a staircase to the Crypt.
 51866 | Vaults:2 | Reached skill level 15 in Fighting
 51877 | Vaults:2 | Learned a level 5 spell: Borgnjor's Vile Clutch
 52007 | Vaults:2 | Identified the +4 robe of the Lumpy Scars {Int+6 Dex+2}
 52019 | Vaults:2 | Found Kapume Itay's Assorted Antiques.
 52029 | Vaults:2 | Bought 2 scrolls of fear for 175 gold pieces
 52029 | Vaults:2 | Bought a scroll of teleportation for 75 gold pieces
 52029 | Vaults:2 | Bought a scroll of acquirement for 1300 gold pieces
 52032 | Vaults:2 | Identified the ring of Lugonu's Esteem {rPois MR+} (You
                  | acquired it on level 2 of the Vaults)
 52307 | Vaults:2 | Noticed Sojobo
 52312 | Vaults:2 | Noticed Frederick
 52322 | Vaults:2 | Killed Sojobo
 52334 | Vaults:2 | Killed Frederick
 52775 | Vaults:3 | Reached skill level 5 in Necromancy
 53083 | Vaults:3 | Reached XP level 22. HP: 157/157 MP: 28/33
 53127 | Vaults:3 | Learned a level 6 spell: Deflect Missiles
 53195 | Vaults:3 | Identified the +4 shortbow of Gravity {freeze, Dex+2}
 53218 | Vaults:3 | Reached skill level 1 in Charms
 53218 | Vaults:3 | Reached skill level 1 in Air Magic
 53240 | Vaults:3 | Identified the +8 mace "Digigh" {flame, -Tele MR+++ Str-2
                  | SInv}
 53458 | Vaults:3 | Found Suem's Antique Weapon Shop.
 53491 | Vaults:3 | Noticed Donald
 53503 | Vaults:3 | Killed Donald
 54051 | Vaults:4 | Noticed Xtahua
 54066 | Vaults:4 | Killed Xtahua
 54217 | Vaults:4 | Noticed Boris
 54238 | Vaults:4 | Killed Boris
 54374 | Vaults:4 | Reached skill level 5 in Charms
 54374 | Vaults:4 | Reached skill level 5 in Air Magic
 54522 | Vaults:4 | Learned a level 3 spell: Regeneration
 55102 | Vaults:4 | Noticed Mara
 55110 | Vaults:4 | Noticed Flugkiller's illusion
 55119 | Vaults:4 | Killed Mara
 55119 | Vaults:4 | Reached skill level 16 in Fighting
 55119 | Vaults:4 | Reached XP level 23. HP: 165/165 MP: 13/34
 55949 | Orc:2    | Bought a book of Transfigurations for 935 gold pieces
 55955 | Orc:2    | Learned a level 5 spell: Irradiate
 56099 | Depths:1 | Entered Level 1 of the Depths
 56117 | D:15     | Reached skill level 1 in Conjurations
 56368 | Depths:1 | Found a one-way gate to the infinite horrors of the Abyss.
 56731 | Depths:1 | Found a gateway to Hell.
 56739 | Depths:1 | Reached skill level 15 in Dodging
 56799 | Depths:1 | Found a runed translucent gate.
 56801 | Depths:1 | Found a runed translucent gate.
 56801 | Depths:1 | Noticed ViolentOr's ghost (adept MiFi)
 56810 | Depths:1 | Found a runed translucent gate.
 56810 | Depths:1 | Noticed duhzwarrior's ghost (journeyman NaFi)
 56813 | Depths:1 | Noticed Chiseanne's ghost (adept DsWz)
 56842 | Depths:1 | Killed ViolentOr's ghost
 56847 | Depths:1 | Killed duhzwarrior's ghost
 56857 | Depths:1 | Killed Chiseanne's ghost
 56956 | Depths:1 | Noticed Bai Suzhen
 56970 | Depths:1 | Killed Bai Suzhen
 56970 | Depths:1 | Reached skill level 17 in Fighting
 57342 | Depths:2 | Identified the ring of the Invisible Hand {rF+ rC++ rN++
                  | Int-4}
 57344 | Depths:2 | Paralysed by a floating eye for 2 turns
 57358 | Depths:2 | Paralysed by a floating eye for 3 turns
 57415 | Depths:2 | Noticed a golden dragon
 57425 | Depths:2 | Killed a golden dragon
 57510 | Depths:2 | Found a one-way gate leading to the halls of Pandemonium.
 57574 | Depths:2 | Reached XP level 24. HP: 175/175 MP: 34/34
 57581 | Depths:2 | Identified the ring of Patience {Wiz rF- Str+2 Slay+4} (You
                  | found it on level 2 of the Depths)
 57630 | Depths:2 | Identified the +5 morningstar of the Empty Page {venom, rC+
                  | Str+2} (You found it on level 2 of the Depths)
 57650 | Depths:2 | Found Taumeffali's General Store.
 57663 | Depths:2 | Bought a scroll of teleportation for 51 gold pieces
 57663 | Depths:2 | Bought a scroll of enchant weapon for 127 gold pieces
 57684 | Depths:2 | Identified the ring "Rishuros" {rC+ Str+3 Int+5 Dex-3} (You
                  | found it on level 2 of the Depths)
 57773 | Depths:2 | Found Wimoniur's General Store.
 58555 | Depths:3 | Found a gateway to a ziggurat.
 59020 | Depths:3 | Found an iron altar of Okawaru.
 59483 | Depths:4 | Noticed Saint Roka
 59500 | Depths:4 | Killed Saint Roka
 59913 | Depths:4 | Noticed Jory
 59925 | Depths:4 | Killed Jory
 60175 | Depths:4 | Reached XP level 25. HP: 176/180 MP: 25/36
 60433 | Depths:4 | Got an ivory war axe
 60654 | Depths:5 | Entered Level 5 of the Depths
 60729 | Depths:5 | Found a gate to the Realm of Zot.
 61224 | Depths:5 | Found Xoacw's Jewellery Shoppe.
 61226 | Depths:5 | Found Noluta Momu's Gadget Shop.
 61227 | Depths:5 | Found Icir's Jewellery Shoppe.
 61281 | Depths:5 | Bought a wand of digging (7) for 484 gold pieces
 62065 | Vaults:5 | Entered Level 5 of the Vaults
 62184 | Vaults:5 | Noticed Boris
 62231 | Vaults:5 | Reached skill level 18 in Fighting
 62261 | Vaults:5 | Identified the cursed ring of Incredulity {Dex-5 SInv}
 62586 | Vaults:5 | Reached skill level 19 in Fighting
 62625 | Vaults:5 | Reached XP level 26. HP: 193/193 MP: 36/36
 62659 | Vaults:5 | Killed Boris
 62887 | Vaults:5 | Identified the cursed +1 hunting sling of Doubt {freeze,
                  | rC+ Int+4 Stlth-}
 63011 | Vaults:5 | Reached skill level 20 in Fighting
 63180 | Vaults:5 | Got a crystal great mace
 63182 | Vaults:5 | Identified the +5 great mace "Jioca" {freeze, +Rage Str+8
                  | Int-3} (You found it on level 5 of the Vaults)
 63203 | Vaults:5 | Identified the cursed +3 dagger of Dominance {flame, rC+
                  | Str+3 SInv}
 63210 | Vaults:5 | Identified the cursed +3 hunting sling of Fecu {speed, MP-9
                  | Str+6 Int+6}
 63210 | Vaults:5 | Identified the ring "Focel" {MP+9 Stlth+}
 63222 | Vaults:5 | Reached skill level 5 in Conjurations
 63387 | Vaults:5 | Got a silver rune of Zot
 64010 | Zot:1    | Entered Level 1 of the Realm of Zot
 65610 | Zot:3    | Found a runed translucent gate.
 65610 | Zot:3    | Found a runed translucent gate.
 65610 | Zot:3    | Found an opulent altar of Gozag.
 65622 | Zot:3    | Found a runed translucent gate.
 65623 | Zot:3    | Found Wugruck's Assorted Antiques.
 65623 | Zot:3    | Noticed Licye's ghost (legendary MfTm)
 65647 | Zot:3    | Reached XP level 27. HP: 203/203 MP: 19/36
 65670 | Zot:3    | Killed Licye's ghost
 65704 | Zot:3    | Bought a scroll of teleportation for 132 gold pieces
 66399 | Zot:2    | Reached skill level 21 in Fighting
 66967 | Zot:2    | Found a shadowy altar of Dithmenos.
 67203 | Zot:2    | Noticed an orb of fire
 68217 | Zot:1    | Gained mutation: Scrolls take you a little longer to read.
                  | [mutagenic glow]
 68493 | Zot:1    | Lost mutation: Your magical capacity is low. (-10% MP)
                  | [potion of mutation]
 68493 | Zot:1    | Lost mutation: Scrolls take you a little longer to read.
                  | [potion of mutation]
 68493 | Zot:1    | Lost mutation: You can translocate small distances at will.
                  | [potion of mutation]
 68493 | Zot:1    | Lost mutation: You are partially covered in yellow scales.
                  | (AC +2) [potion of mutation]
 68493 | Zot:1    | Gained mutation: You evolve. [potion of mutation]
 68493 | Zot:1    | Gained mutation: You are partially covered in thin metallic
                  | scales. (AC +2) [potion of mutation]
 68494 | Zot:1    | Lost mutation: You possess an exceptional clarity of mind.
                  | [potion of mutation]
 68494 | Zot:1    | Lost mutation: You are partially covered in thin metallic
                  | scales. (AC +2) [potion of mutation]
 68494 | Zot:1    | Lost mutation: You evolve. [potion of mutation]
 68494 | Zot:1    | Gained mutation: You tend to lose your temper in combat.
                  | [potion of mutation]
 68494 | Zot:1    | Gained mutation: You are agile. (Dex +2) [potion of
                  | mutation]
 68494 | Zot:1    | Gained mutation: You can translocate small distances at
                  | will. [potion of mutation]
 68495 | Zot:1    | Lost mutation: You are agile. (Dex +2) [potion of mutation]
 68495 | Zot:1    | Lost mutation: You can translocate small distances at will.
                  | [potion of mutation]
 68495 | Zot:1    | Lost mutation: You tend to lose your temper in combat.
                  | [potion of mutation]
 68495 | Zot:1    | Gained mutation: You occasionally shout uncontrollably at
                  | your foes. [potion of mutation]
 68495 | Zot:1    | Gained mutation: You are partially covered in rugged brown
                  | scales. (AC +1, +3% HP) [potion of mutation]
 68496 | Zot:1    | Lost mutation: You are partially covered in rugged brown
                  | scales. (AC +1, +3% HP) [potion of mutation]
 68496 | Zot:1    | Gained mutation: You sometimes yell uncontrollably at your
                  | foes. [potion of mutation]
 68496 | Zot:1    | Gained mutation: You are resistant to hostile enchantments.
                  | (MR+) [potion of mutation]
 68496 | Zot:1    | Gained mutation: You evolve. [potion of mutation]
 68497 | Zot:1    | Lost mutation: You evolve. [potion of mutation]
 68497 | Zot:1    | Lost mutation: You are resistant to hostile enchantments.
                  | (MR+) [potion of mutation]
 68497 | Zot:1    | Lost mutation: You sometimes yell uncontrollably at your
                  | foes. [potion of mutation]
 68497 | Zot:1    | Gained mutation: Your mind is acute. (Int +2) [potion of
                  | mutation]
 68497 | Zot:1    | Gained mutation: Your spells are a little easier to cast,
                  | but a little less powerful. [potion of mutation]
 68497 | Zot:1    | Gained mutation: One of your tentacles bears a spike.
                  | [potion of mutation]
 68590 | Depths:2 | Bought a potion of mutation for 120 gold pieces
 68590 | Depths:2 | Lost mutation: One of your tentacles bears a spike. [potion
                  | of mutation]
 68590 | Depths:2 | Lost mutation: You occasionally shout uncontrollably at
                  | your foes. [potion of mutation]
 68590 | Depths:2 | Lost mutation: Your spells are a little easier to cast, but
                  | a little less powerful. [potion of mutation]
 68590 | Depths:2 | Gained mutation: Your flesh is heat resistant. (rF+)
                  | [potion of mutation]
 68590 | Depths:2 | Gained mutation: You have an increased reservoir of magic.
                  | (+10% MP) [potion of mutation]
 68744 | Vaults:1 | Bought a potion of mutation for 144 gold pieces
 68946 | Snake:1  | Bought a potion of haste for 170 gold pieces
 68946 | Snake:1  | Bought 2 potions of mutation for 272 gold pieces
 68946 | Snake:1  | Bought a potion of mutation for 136 gold pieces
 68949 | Snake:1  | Bought a potion of cancellation for 112 gold pieces
 68949 | Snake:1  | Bought a potion of mutation for 112 gold pieces
 68949 | Snake:1  | Bought a potion of haste for 140 gold pieces
 68949 | Snake:1  | Bought a potion of heal wounds for 70 gold pieces
 68949 | Snake:1  | Bought a potion of mutation for 112 gold pieces
 68949 | Snake:1  | Bought a potion of heal wounds for 70 gold pieces
 68949 | Snake:1  | Bought 2 potions of resistance for 280 gold pieces
 69227 | Vaults:1 | Bought a potion of haste for 140 gold pieces
 69591 | Zot:5    | Entered Level 5 of the Realm of Zot
 69636 | Zot:5    | Reached skill level 22 in Fighting
 70066 | Zot:5    | Found a transporter.
 70066 | Zot:5    | Found a transporter.
 70068 | Zot:5    | Identified the +3 demon trident of a sewer {flame, rElec}
 70070 | Zot:5    | Found a bloodstained altar of Trog.
 70070 | Zot:5    | Noticed tilp's ghost (legendary DsFi)
 70076 | Zot:5    | Identified the +11 broad axe of the Messenger {venom, rPois
                  | rN+ Str+2 Dex-2}
 70089 | Zot:5    | Identified the cursed +0 cloak "Syuhon" {Int+3 Dex+3}
 70101 | Zot:5    | Identified the +2 cloak of Understanding {+Inv rF- Regen+}
 70495 | Zot:5    | Noticed an orb of fire
 70507 | Zot:5    | Gained mutation: Your spells are a little easier to cast,
                  | but a little less powerful. [an orb of fire]
 70511 | Zot:5    | Killed an orb of fire
 70516 | Zot:5    | Noticed an ancient lich
 70519 | Zot:5    | Noticed an ancient lich
 70524 | Zot:5    | Noticed an ancient lich
 70531 | Zot:5    | Killed an ancient lich
 70537 | Zot:5    | Noticed an ancient lich
 70538 | Zot:5    | Killed an ancient lich
 70547 | Zot:5    | Gained mutation: You are frail. (-10% HP) [mutagenic glow]
 70549 | Zot:5    | Noticed an orb of fire
 70550 | Zot:5    | Killed an ancient lich
 70552 | Zot:5    | Gained mutation: You are weak. (Str -2) [an orb of fire]
 70553 | Zot:5    | Killed an ancient lich
 70567 | Zot:5    | Noticed an ancient lich
 70749 | Zot:5    | Killed an orb of fire
 70760 | Zot:5    | Killed an ancient lich
 71041 | Zot:5    | Noticed an ancient lich
 71058 | Zot:5    | Killed an ancient lich
 71146 | Zot:5    | Noticed an orb of fire
 71161 | Zot:5    | Killed an orb of fire
 71328 | Zot:5    | Lost mutation: You are weak. (Str -2) [potion of mutation]
 71328 | Zot:5    | Lost mutation: Your spells are a little easier to cast, but
                  | a little less powerful. [potion of mutation]
 71328 | Zot:5    | Lost mutation: Your mind is acute. (Int +2) [potion of
                  | mutation]
 71328 | Zot:5    | Gained mutation: Your muscles are strong. (Str +2) [potion
                  | of mutation]
 71328 | Zot:5    | Gained mutation: You are partially covered in icy blue
                  | scales. (AC +2) [potion of mutation]
 71328 | Zot:5    | Gained mutation: You evolve. [potion of mutation]
 71329 | Zot:5    | Lost mutation: You have an increased reservoir of magic.
                  | (+10% MP) [potion of mutation]
 71329 | Zot:5    | Lost mutation: You are frail. (-10% HP) [potion of
                  | mutation]
 71329 | Zot:5    | Gained mutation: Your spells are a little easier to cast,
                  | but a little less powerful. [potion of mutation]
 71329 | Zot:5    | Gained mutation: Your flesh is very heat resistant. (rF++)
                  | [potion of mutation]
 71329 | Zot:5    | Gained mutation: You are partially covered in molten
                  | scales. (AC +2) [potion of mutation]
 71330 | Zot:5    | Lost mutation: You evolve. [potion of mutation]
 71330 | Zot:5    | Lost mutation: Your flesh is very heat resistant. (rF++)
                  | [potion of mutation]
 71330 | Zot:5    | Lost mutation: Your spells are a little easier to cast, but
                  | a little less powerful. [potion of mutation]
 71330 | Zot:5    | Lost mutation: Your muscles are strong. (Str +2) [potion of
                  | mutation]
 71330 | Zot:5    | Gained mutation: Your spells are a little harder to cast,
                  | but a little more powerful. [potion of mutation]
 71411 | Zot:5    | Got the Orb of Zot
 71467 | Zot:3    | Noticed Zeerph the pandemonium lord
 71674 | D:13     | Noticed Kutusur the pandemonium lord
 71966 | D:1      | gg
 71967 | D:$      | Escaped with the Orb!

Levels and vault maps discovered:
D:1:      ebering_hopf_link, layout_loops_ring
D:2:      layout_basic, nicolae_qazlal_general_emergency,
          nicolae_overflow_crystal_walls, overflow_temple_1_default,
          first_ration, grunt_ministairs_8, serial_bayou_lagoon_b
D:3:      layout_rooms, serial_curves, eino_curves_04, eino_curves_03,
          eino_curves_03, serial_bayou_pond_b, st_stairs_8, kennysheep_doodads,
          minmay_between
D:4:      layout_cave_pools, serial_co_window_serial, co_window_paths_a,
          co_window_corner_a, co_window_paths_a, co_window_paths_b,
          co_window_corner_a, co_window_unsneaky_path_d, co_window_corner_cb,
          co_window_of_opportunity_c, co_window_broadway_a, co_window_paths_c,
          co_window_of_opportunity_b, co_window_2corner, glass_columns_c,
          glass_columns_b, glass_columns_a, serial_park_tiny_pond, uniq_robin,
          uniq_natasha, uniq_duvessa, uniq_ijyb
D:5:      layout_loops_corners, overflow_temple_1_default, kennysheep_mini_moat,
          trog_eyes_of_draining, serial_bayou_pond_a, saegor_snake_ambush
D:6:      cheibrodos_fzero, layout_loops_ring, okawaru_gym_becter, temple_green
D:7:      layout_basic, kennysheep_mini, marbit_many_paths, basic_altar,
          interstate_on_off, xom_shifter_show
D:8:      minmay_the_grid_octo_triangle [minmay_the_grid_octo_concentric,
          minmay_the_grid_octo_prize_square_snowflake,
          minmay_the_grid_octo_teeth], layout_rooms,
          chequers_temple_overflow_statue_of_worship,
          lightli_bailey_entry_fortress, uniq_joseph
D:9:      layout_irregular_city, ashenzari_conservatory_becter,
          dancing_weapons_uskayaw, erik_lair_island
D:10:     layout_long_grid, kennysheep_orc_monster_closet_entryway, st_stairs_7,
          hangedman_fish_farm, roderic_batcave
D:11:     layout_irregular_city, uniq_gastronok, uniq_erica, uniq_grum
D:12:     layout_cave_pools, enter_trove_2, serial_shops, nicolae_shop_stone,
          gauntlet_entry_generic, portal_ice_cave_entry_pillars_1, uniq_fannar
D:13:     layout_long_grid, uniq_josephine
D:14:     layout_gridville, david_vaults_5, chequers_serial_rivers_small_b
D:15:     gammafunk_depths_entry_grave, layout_loops_ring,
          ebering_ghost_inner_flame, uniq_agnes
Lair:1:   layout_small_grid
Lair:2:   layout_long_grid, minmay_snake_entry_guardpost_small,
          serial_bayou_pond_e, grunt_forest_large_clearing_hut
Lair:3:   layout_regular_city, palyth_hydra_swamp_entry, uniq_sonja
Lair:4:   layout_regular_city, gammafunk_ghost_hydra_chop, serial_bayou_ford_a
Lair:5:   layout_cave_pods, minmay_slime_entry_oklob_open, basic_altar,
          beast_lair_carwin_1
Lair:6:   minmay_lair_end_enchanted_forest, layout_long_grid, fungi_pond_lemuel,
          infiniplex_staircase_pool_2
Swamp:1:  layout_basic_swamp, serial_swamp_ruin, evilmike_swamp_ruin_house_1,
          evilmike_swamp_ruin_house_4, evilmike_swamp_ruin_rubble_2,
          swamp_pool2, uniq_nikola
Swamp:2:  layout_basic_swamp, hangedman_swamp_ruin_hall, uniq_roxanne,
          uniq_louise, uniq_frances
Swamp:3:  layout_basic_swamp, hangedman_swamp_ruin_wall, swamp_pool4
Swamp:4:  swamp_icy, layout_basic_swamp, infiniplex_staircase_pool
Snake:1:  layout_basic, ebering_ghost_reflecting_pool, minmay_shoptagon
Snake:2:  layout_misc_corridors, drop_trap, nrook_guardian_serpent_double,
          grunt_megastairs_3
Snake:3:  layout_misc_corridors, drop_trap, serial_bayou_pond_c,
          lemuel_fruit_tree
Snake:4:  grunt_snake_rune_serpentine_throne, layout_onion
Orc:1:    layout_caves, gammafunk_ghost_necromancy
Orc:2:    st_orc_rangers, layout_diamond_mine, uniq_erolcha, uniq_maurice
Elf:1:    eino_elf_arrival_customs, layout_loops_cross, serial_shops, shop,
          minmay_elf_annihilation
Elf:2:    layout_onion_city, basic_altar
Elf:3:    elf_hall, layout_geoelf_castle, basic_altar, grunt_ministairs_6
Vaults:1: hangedman_vaults_maws, st_eye, v_misc_3, nicolae_vaults_arrows,
          vaults_room_grunt_arrival_ludios, hangedman_vaults_restitches,
          ontoclasm_vaults_ring_large, ontoclasm_vaults_spin,
          ontoclasm_vaults_ligature, vaults_room_door_ring, vaults_dpeg_ring,
          layout_vaults_omnicross, serial_shops, shop_fountains,
          nicolae_shop_stone, nicolae_shop_stone
Vaults:2: vaults_dpeg_encased_lava, nicolae_vaults_twisting_passages,
          vaults_mumra_chevron, blue_anna_dwarven_crypt, v_misc_14,
          ontoclasm_vaults_eye, hangedman_vaults_stagger,
          ontoclasm_vaults_ring_large, nicolae_vaults_little_squares_3,
          sword_in_stone, v_rooms_1, v_pattern_1, layout_vaults_ring,
          serial_shops, shop, uniq_sojobo
Vaults:3: st_star, ontoclasm_vaults_ring_square, v_misc_33,
          nicolae_vaults_network_square, vaults_room_pools,
          vaults_room_fancy_cross, nicolae_vaults_alarming, v_misc_3,
          nicolae_vaults_big_angled_halls, vaults_room_door_hall,
          hangedman_vaults_hat, v_misc_17, layout_vaults_maze_bifur,
          serial_shops, nicolae_shop_behind_doors, uniq_donald
Vaults:4: hangedman_vaults_slither, v_alt_pattern_6, v_alt_pattern_2,
          v_alt_pattern_6, nicolae_vaults_know_your_exits,
          nicolae_vaults_hallways_thing, grunt_vaults_swirl, vaults_dpeg_hooks,
          hangedman_vaults_cutoff, layout_vaults_chaotic_city, uniq_boris,
          uniq_mara, uniq_xtahua
Vaults:5
Depths:1: layout_forbidden_donut, gammafunk_ghost_cemetery, abyss_entry,
          chequers_big_river, grunt_hell_entry_demonic_statue,
          corexii_corridor_pit, ice2_lemuel, uniq_bai_suzhen
Depths:2: hangedman_spin_cycle, hell_entry, abyss_entry, pan_entry
Depths:3: evilmike_iron_armoury, layout_gridlike, enter_ziggurat_a, pan_entry,
          hangedman_decor_peaks_small, pf_coc_iceberg
Depths:4: minmay_haunted_quarter, layout_twisted_cross, abyss_entry_crystal,
          hellmouth_3, roderic_st_hans_cross, corexii_corridor_pit,
          minmay_misc_feat_encased, uniq_jory, uniq_saint_roka
Depths:5: grunt_zot_entry_bicorn, layout_cave_pools, rand_demon_pan_entry_9,
          grunt_decor_one_mirror, hell_entry, fountainhead,
          hangedman_abyss_or_decor_lesser_grid, serial_bayou_shore_a,
          minmay_shop_grove
Zot:1:    layout_concentric_octagons
Zot:2:    layout_basic, basic_altar, hangedman_zot_decor_scrapings,
          nrook_zot_tub
Zot:3:    layout_basic, ebering_ghost_gozag
Zot:4:    layout_onion_interference
Zot:5:    layout_basic, gammafunk_ghost_wrathful_warriors, grunt_ministairs_1

Skill      XL: |  1  2  3  4  5  6  7  8  9 10 11 12 13 14 15 16 17 18 19 20 21 22 23 24 25 26 27 |
---------------+----------------------------------------------------------------------------------+-----
Polearms       | 3 4 6 7 10 11 12 13 | 13.5
Fighting       | 3 4 6 7 8 9 10 11 13 15 16 17 19 20 22 | 22.7
Invocations    | 2 3 4 8 9 |  9.0
Stealth        | 5 |  5.2
Dodging        | 5 6 8 9 11 13 14 15 21 | 21.0
Shields        | 3 4 5 8 9 11 14 15 18 19 20 | 20.0
Hexes          | 1 5 |  5.0
Evocations     | 5 |  5.0
Necromancy     | 1 6 |  6.0
Throwing       | 3 |  3.5
Summonings     | 3 11 | 11.2
Spellcasting   | 3 6 8 9 11 13 | 13.0
Ice Magic      | 2 |  2.0
Maces & Flails | 2 |  2.0
Axes           | 6 |  6.2
Transmutations | 5 10 12 13 | 13.0
Earth Magic    | 5 10 11 12 13 | 13.0
Charms         | 6 7 9 |  9.0
Air Magic      | 6 7 9 |  9.0
Conjurations   | 4 7 8 |  8.0
Translocations | |  3.0

Action                   |  1- 3 |  4- 6 |  7- 9 | 10-12 | 13-15 | 16-18 | 19-21 | 22-24 | 25-27 || total
-------------------------+-------+-------+-------+-------+-------+-------+-------+-------+-------++-------
Melee: Spear             |    65 |   194 |   358 |    22 |       |       |       |       |       ||   639
       Constrict         |    15 |    41 |    59 |    60 |   127 |   128 |   161 |   102 |   160 ||   853
       Tentacles         |    12 |    29 |    57 |    79 |   207 |   330 |   338 |   363 |   540 ||  1955
       Halberd           |       |       |   109 |   412 |   117 |       |       |       |       ||   638
       Trident           |       |       |       |    62 |   616 |       |       |       |       ||   678
       Demon trident     |       |       |       |       |   258 |  1661 |  1293 |  1248 |  1656 ||  6116
       Eveningstar       |       |       |       |       |    33 |       |       |       |       ||    33
       Mace              |       |       |       |       |       |       |       |       |     6 ||     6
Throw: Stone             |       |     3 |     2 |       |       |       |       |       |       ||     5
       Boomerang         |       |     1 |       |    17 |     7 |       |       |       |       ||    25
       Javelin           |       |     3 |     5 |       |       |       |       |       |       ||     8
       Dart              |       |       |    19 |       |       |       |       |       |       ||    19
 Cast: Blink             |       |       |       |     8 |     7 |     2 |       |       |       ||    17
       Animate Skeleton  |       |       |       |    11 |    69 |   111 |    45 |    34 |    29 ||   299
       Shroud of Golubri |       |       |       |     8 |     9 |     2 |       |       |     1 ||    20
       Confusing Touch   |       |       |       |     6 |    13 |     1 |       |       |     1 ||    21
       Summon Ice Beast  |       |       |       |       |   113 |    86 |     2 |       |       ||   201
       Summon Mana Viper |       |       |       |       |     8 |    57 |    23 |     2 |    12 ||   102
       Summon Lightning  |       |       |       |       |       |   115 |    19 |     2 |    12 ||   148
       Statue Form       |       |       |       |       |       |     2 |    40 |    47 |    48 ||   137
       Borgnjor's Vile C |       |       |       |       |       |       |     1 |    32 |    31 ||    64
       Irradiate         |       |       |       |       |       |       |       |    19 |    45 ||    64
       Regeneration      |       |       |       |       |       |       |       |     2 |    12 ||    14
       Deflect Missiles  |       |       |       |       |       |       |       |     2 |     7 ||     9
Invok: Wall of Briars    |       |       |     7 |    12 |     5 |     2 |       |       |       ||    26
       Grow Ballistomyce |       |       |     1 |    11 |     2 |       |       |       |       ||    14
       Overgrow          |       |       |       |       |     3 |       |       |       |       ||     3
Evoke: Wand              |       |       |     5 |    10 |     2 |     8 |       |       |     3 ||    28
  Use: Scroll            |     2 |     9 |    10 |    10 |    17 |    11 |     7 |    13 |    16 ||    95
       Potion            |       |     1 |     5 |     2 |     5 |     3 |     2 |     1 |    32 ||    51
 Stab: Sleeping          |    12 |     7 |    15 |    16 |    37 |    34 |    31 |    23 |    14 ||   189
       Distracted        |       |     1 |     2 |     2 |    11 |    38 |     9 |    13 |    19 ||    95
       Confused          |       |       |       |     2 |    11 |     2 |       |       |       ||    15
  Eat: Chunk             |     2 |    10 |    13 |    15 |    36 |    39 |    36 |    32 |    32 ||   215
       Ration            |       |       |     3 |     4 |     4 |     7 |     3 |     3 |     7 ||    31
Armor: Skin              |     2 |     9 |    10 |    16 |    62 |    89 |   205 |   260 |   433 ||  1086
Dodge: Dodged            |    27 |    94 |   244 |   330 |   489 |   772 |   708 |   923 |  1030 ||  4617
       Deflected         |       |       |       |       |       |       |       |     8 |    73 ||    81
Block: Shield            |       |       |    18 |       |       |    35 |   423 |   889 |       ||  1365
       Buckler           |       |       |       |       |   113 |   257 |   103 |       |       ||   473
       Reflection        |       |       |       |       |       |       |       |    64 |       ||    64
       Large shield      |       |       |       |       |       |       |       |    77 |  2120 ||  2197

Table legend:
 A = Non-vault XP
 B = Vault XP
 C = Vault XP percentage of total XP
 D = Non-vault monster count
 E = Vault monster count
 F = Vault count percentage of total count
                 A         B        C        D         E       F
            +---------+---------+-------+---------+---------+-------
      Total |  811572 |  796279 |  49.5 |    1603 |     968 |  37.7
            +---------+---------+-------+---------+---------+-------
        D:1 |      28 |       0 |   0.0 |      17 |       0 |   0.0
        D:2 |      40 |      14 |  25.9 |      12 |       2 |  14.3
        D:3 |      75 |      38 |  33.6 |      26 |       8 |  23.5
        D:4 |     238 |     103 |  30.2 |      15 |      13 |  46.4
        D:5 |     634 |     279 |  30.6 |      16 |       8 |  33.3
        D:6 |     850 |     345 |  28.9 |      23 |      11 |  32.4
        D:7 |     643 |      40 |   5.9 |      12 |       1 |   7.7
        D:8 |    1213 |    4545 |  78.9 |      28 |      28 |  50.0
        D:9 |    2962 |     707 |  19.3 |      52 |       6 |  10.3
       D:10 |    2344 |    1619 |  40.9 |      22 |      30 |  57.7
       D:11 |    5169 |    2782 |  35.0 |      43 |       6 |  12.2
       D:12 |    8002 |     805 |   9.1 |      41 |       1 |   2.4
       D:13 |    5753 |    1575 |  21.5 |      25 |       6 |  19.4
       D:14 |   10420 |    1629 |  13.5 |      37 |       3 |   7.5
       D:15 |   14759 |    9467 |  39.1 |      38 |      14 |  26.9
     Lair:1 |    7283 |       0 |   0.0 |      28 |       0 |   0.0
     Lair:2 |    2216 |    1268 |  36.4 |      10 |       7 |  41.2
     Lair:3 |    4220 |    1720 |  29.0 |      17 |       8 |  32.0
     Lair:4 |    2897 |    2145 |  42.5 |      11 |       3 |  21.4
     Lair:5 |    4286 |    2471 |  36.6 |      14 |       8 |  36.4
     Lair:6 |   11124 |    6907 |  38.3 |      40 |      46 |  53.5
    Swamp:1 |    5843 |    3507 |  37.5 |      19 |       1 |   5.0
    Swamp:2 |   12027 |    2260 |  15.8 |      39 |       2 |   4.9
    Swamp:3 |    8933 |       0 |   0.0 |      37 |       0 |   0.0
    Swamp:4 |    6960 |    5231 |  42.9 |      32 |      30 |  48.4
    Snake:1 |   12238 |     725 |   5.6 |      27 |       1 |   3.6
    Snake:2 |   10720 |    1872 |  14.9 |      29 |       6 |  17.1
    Snake:3 |   10811 |     151 |   1.4 |      28 |       1 |   3.4
    Snake:4 |   10953 |   32637 |  74.9 |      27 |      61 |  69.3
      Orc:1 |    2151 |     133 |   5.8 |      19 |       1 |   5.0
      Orc:2 |    4227 |    5392 |  56.1 |      48 |      38 |  44.2
      Elf:1 |   19779 |    8212 |  29.3 |      36 |      14 |  28.0
      Elf:2 |   15462 |   24269 |  61.1 |      25 |      30 |  54.5
      Elf:3 |   28746 |   38602 |  57.3 |      46 |      32 |  41.0
   Vaults:1 |   30195 |   38045 |  55.8 |      81 |      54 |  40.0
   Vaults:2 |   48732 |   26312 |  35.1 |      86 |      19 |  18.1
   Vaults:3 |   43561 |   22750 |  34.3 |      70 |      28 |  28.6
   Vaults:4 |   40101 |   60834 |  60.3 |      55 |      51 |  48.1
   Vaults:5 |   29529 |  131971 |  81.7 |      38 |      87 |  69.6
   Depths:1 |   38761 |   25702 |  39.9 |      59 |      36 |  37.9
   Depths:2 |       0 |   77799 | 100.0 |       0 |      78 | 100.0
   Depths:3 |   34976 |   15860 |  31.2 |      43 |      17 |  28.3
   Depths:4 |   26060 |   23555 |  47.5 |      35 |      52 |  59.8
   Depths:5 |   25650 |   24307 |  48.7 |      35 |      18 |  34.0
      Zot:1 |   22664 |       0 |   0.0 |      14 |       0 |   0.0
      Zot:2 |   61235 |       0 |   0.0 |      42 |       0 |   0.0
      Zot:3 |   44279 |   15480 |  25.9 |      26 |       8 |  23.5
      Zot:4 |   54061 |       0 |   0.0 |      35 |       0 |   0.0
      Zot:5 |   77762 |  166329 |  68.1 |      45 |      42 |  48.3
     Bailey |       0 |     691 | 100.0 |       0 |      34 | 100.0
   Gauntlet |       0 |    5194 | 100.0 |       0 |      18 | 100.0
            +---------+---------+-------+---------+---------+-------
